 Dungeon Crawl Stone Soup version 0.21-a0-496-g696f58f (webtiles) character file.

34656 kae the Geomancer (level 13, -9/79 HPs)
             Began as a Gargoyle Earth Elementalist on Nov 23, 2017.
             Was a High Priest of Vehumet.
             Splashed by an oklob plant's acid (12 damage)
             ... on level 5 of the Lair of Beasts.
             The game lasted 00:25:02 (17654 turns).

kae the Geomancer (Gargoyle Earth Elementalist)    Turns: 17654, Time: 00:25:03

Health: -9/79      AC: 12    Str: 13    XL:     13   Next: 78%
Magic:  12/28      EV: 20    Int: 20    God:    Vehumet [*****.]
Gold:   1204       SH:  0    Dex: 10    Spells: 21/34 levels left

rFire    . . .     SeeInvis .   p - +2 dagger (elec)
rCold    . . .     Gourm    .   (no shield)
rNeg     + . .     Faith    .   c - +1 robe
rPois    ∞         Spirit   .   C - +0 helmet
rElec    +         Reflect  .   z - +1 cloak
rCorr    .         Harm     .   K - +0 pair of gloves
MR       +....                  (no boots)
Stlth    ++........             B - amulet "Yreutuv" {rElec Regen+}
HPRegen  0.63/turn              a - +5 ring of evasion
MPRegen  0.21/turn              m - ring "Qiozimp" {rElec MR+}

@: corroded
A: negative energy resistance 1, electricity resistance, unbreathing,
petrification resistance, rot immunity, AC +9
a: Renounce Religion


You were on level 5 of the Lair of Beasts.
You worshipped Vehumet.
Vehumet was extremely pleased with you.
You were hungry.

You visited 4 branches of the dungeon, and saw 17 of its levels.
You also visited: Bailey.

You collected 1216 gold pieces.
You spent 12 gold pieces at shops.

Inventory:

Hand Weapons
 g - a +0 club of flaming
 p - a +2 dagger of electrocution (weapon)
Missiles
 b - 158 stones (quivered)
Armour
 c - a +1 robe (worn)
 z - a +1 cloak (worn)
 C - a +0 helmet (worn)
 K - a +0 pair of gloves (worn)
Magical Staves
 y - an uncursed staff of air
Jewellery
 a - a +5 ring of evasion (left hand)
 m - the ring "Qiozimp" (right hand) {rElec MR+}
   (You acquired it on level 5 of the Lair of Beasts)

   [ring of protection from magic]

   It insulates you from electricity.
   It affects your resistance to hostile enchantments.
 t - an uncursed ring of resist corrosion
 x - a +4 ring of strength
 B - the amulet "Yreutuv" (around neck) {rElec Regen+}
   (You acquired it on level 1 of the Lair of Beasts)

   [amulet of regeneration]

   It insulates you from electricity.
   It increases your rate of regeneration.
Wands
 w - a wand of paralysis (6)
 G - a wand of clouds (3)
Scrolls
 h - a scroll of blinking
 j - 12 scrolls of teleportation
 n - 4 scrolls of fog
 r - 4 scrolls of enchant weapon
 u - 7 scrolls of remove curse
 E - 2 scrolls of enchant armour
 F - 4 scrolls of identify
 H - a scroll of amnesia
 J - a scroll of silence
 L - a scroll of immolation
 M - a scroll of summoning
 N - a scroll of magic mapping
 Q - 2 scrolls of fear
Potions
 i - 6 potions of heal wounds
 l - 7 potions of curing
 o - a potion of berserk rage
 q - a potion of mutation
 s - 3 potions of haste
 v - 3 potions of might
 D - 4 potions of lignification
Books
 e - a book of Geomancy

   Spells                             Type                      Level
   a - Sandblast                      Earth                        1
   b - Passwall                       Transmutation/Earth          2
   c - Stone Arrow                    Conjuration/Earth            3
   d - Petrify                        Transmutation/Earth          4
   e - Lee's Rapid Deconstruction     Earth                        5
 f - a book of Maledictions

   Spells                             Type                      Level
   a - Corona                         Hexes                        1
   b - Ensorcelled Hibernation        Hexes/Ice                    2
   c - Confuse                        Hexes                        3
   d - Tukima's Dance                 Hexes                        3
   e - Dazzling Spray                 Conjuration/Hexes            3
 k - a book of Conjurations

   Spells                             Type                      Level
   a - Magic Dart                     Conjuration                  1
   b - Searing Ray                    Conjuration                  2
   c - Dazzling Spray                 Conjuration/Hexes            3
   d - Fulminant Prism                Conjuration/Hexes            4
   e - Force Lance                    Conjuration/Translocation    4
   f - Iskenderun's Mystic Blast      Conjuration                  4
 I - a book of Misfortune

   Spells                             Type                      Level
   a - Confusing Touch                Hexes                        1
   b - Confuse                        Hexes                        3
   c - Gell's Gravitas                Translocation                3
   d - Petrify                        Transmutation/Earth          4
   e - Metabolic Englaciation         Hexes/Ice                    5
   f - Yara's Violent Unravelling     Hexes/Transmutation          5
Comestibles
 d - 10 bread rations
 A - 6 fruits
 P - 11 royal jellies


   Skills:
 + Level 8.5 Fighting
 + Level 6.8 Dodging
 - Level 2.1 Stealth
 * Level 11.4 Spellcasting
 * Level 12.1 Conjurations
 - Level 0.7 Transmutations
 * Level 14.3 Earth Magic


You had 21 spell levels left.
You knew the following spells:

 Your Spells              Type           Power        Failure   Level  Hunger
a - Sandblast             Erth           ######       0%          1    None
b - Stone Arrow           Conj/Erth      ######       1%          3    None
c - Lee's Rapid Deconstr  Erth           ######....   1%          5    ####...
d - Petrify               Tmut/Erth      #####...     2%          4    ##.....


Dungeon Overview and Level Annotations

Branches:
Dungeon (10/15)            Temple (1/1) D:5            Lair (5/6) D:10
  Swamp (1/4) Lair:2       Spider (0/4) Lair:4        Slime (0/5) Lair:5
    Orc (0/2) D:9

Altars:
Ashenzari
Cheibriados
Dithmenos
Elyvilon
Fedhas
Gozag
Hepliaklqana
Kikubaaqudgha
Makhleb
Nemelex Xobeh
Okawaru
Qazlal
Ru
Sif Muna
Trog
Uskayaw
Vehumet
Wu Jian
Xom
Yredelemnul
Zin
The Shining One
Jiyva

Shops:
D:5 !

Annotations:
Lair:5 exclusion: 2 oklob plants


Innate Abilities, Weirdness & Mutations

You are resistant to torment.
Your stone body is resilient. (AC +9)
You are immune to poison.
You resist negative energy. (rN+)
You are resistant to electric shocks. (rElec)
You can survive without breathing.
You are immune to petrification.
You are immune to rotting.


Message History

The splash of acid hits you!
You are splashed with acid!
The acid burns!
The oklob plant spits acid at you. The splash of acid hits you!
* * * LOW HITPOINT WARNING * * *
You are splashed with acid!
The acid burns!
* * * LOW HITPOINT WARNING * * *
Casting: Lee's Rapid Deconstruction
Confirm with . or Enter, or press ? or * to list all spells.
Aiming: Lee's Rapid Deconstruction
Press: ? - help, Dir - move target cursor The wall shatters!
The blast of rock fragments hits the oklob plant.
You destroy the oklob plant!
Vehumet accepts your kill.
You feel your power returning. The oklob plant spits acid at you.
The splash of acid hits you!
* * * LOW HITPOINT WARNING * * *
You are splashed with acid!
The acid burns!
You die...

#.....
#######.... ..
#..%..P...# ..)
#PP}."P...# ....
#..$.$P...##....
#!."}.P........
#..(.$......###
####@.†....#
##..PP..÷...#
#...P......##
##..........#
#.......P...+
###....#..P.P...
#...÷....P...+..
#.....<......# .
##P..........#


You could see 2 oklob plants.

Vanquished Creatures
  7 hydras
  A queen ant (Lair:3)
  A two-headed ogre (D:10)
  Sonja (Lair:4)
  2 oklob plants (Lair:5)
  An orc knight (Bailey)
  An ugly thing (D:9)
  4 elephants (Lair:5)
  3 black mambas
  12 spiny frogs
  The ghost of Nattefrost the Caller, a novice MfSu (D:6)
  2 rime drakes
  3 komodo dragons
  A queen bee (Lair:4)
  3 meliai (Lair:4)
  7 blink frogs
  4 jumping spiders (Lair:4)
  6 dream sheep (Lair:3)
  3 hippogriffs
  Prince Ribbit (D:7)
  Sigmund (D:3)
  11 yaks
  The ghost of Ajdolov the Destroyer, an amateur TeCj (D:5)
  3 redbacks (Lair:4)
  A steam dragon (Lair:3)
  2 basilisks
  3 hungry ghosts
  12 soldier ants (Lair:3)
  7 water moccasins
  10 orc warriors
  5 porcupines
  An ice beast (D:6)
  3 sky beasts
  4 ogres
  3 black bears
  10 wolves
  2 phantoms
  11 centaurs
  5 crocodiles
  A big kobold (D:8)
  14 bullfrogs
  6 scorpions
  20 killer bees
  A vampire bat (Lair:1)
  3 wights (D:10)
  An electric eel (Lair:1)
  A howler monkey (D:5)
  A centaur zombie (D:9)
  7 crimson imps
  A quasit (D:10)
  2 bullfrog zombies
  3 hounds
  2 jellies
  A centaur skeleton (D:10)
  An orc priest (D:3)
  7 orc wizards
  4 bullfrog skeletons
  Jessica (D:2)
  10 iguanas
  37 worker ants
  A killer bee zombie (D:9)
  A hound zombie (D:5)
  8 adders
  4 shadow imps
  An ooze (D:4)
  4 adder skeletons
  An adder zombie (D:5)
  A worm (D:4)
  7 leopard geckos
  47 orcs
  18 bats
  5 giant cockroaches
  12 goblins
  11 hobgoblins
  9 jackals
  6 quokkas
  A ball python zombie (D:5)
  8 frilled lizards
  20 kobolds
  A leopard gecko skeleton (D:8)
  A leopard gecko zombie (D:5)
  5 rats
455 creatures vanquished.

Vanquished Creatures (others)
  2 orcs (D:5)
  A rat (D:3)
  8 fungi
  6 plants
17 creatures vanquished.

Grand Total: 472 creatures vanquished

Notes
Turn   | Place    | Note
-------+----------+-------------------------------------------
     0 | D:1      | kae the Gargoyle Earth Elementalist began the quest for the Orb.
     0 | D:1      | Reached XP level 1. HP: 10/10 MP: 3/3
   274 | D:1      | Reached XP level 2. HP: 15/15 MP: 5/5
   296 | D:1      | Reached skill level 4 in Earth Magic
  1493 | D:2      | Reached XP level 3. HP: 16/19 MP: 6/6
  1669 | D:2      | Noticed Jessica
  1677 | D:2      | Killed Jessica
  1677 | D:2      | Reached XP level 4. HP: 24/24 MP: 8/8
  1854 | D:2      | Found a blossoming altar of Fedhas.
  2189 | D:3      | Noticed Sigmund
  2189 | D:3      | Reached skill level 5 in Earth Magic
  2206 | D:3      | Killed Sigmund
  2206 | D:3      | Reached skill level 6 in Earth Magic
  2206 | D:3      | Reached XP level 5. HP: 16/28 MP: 2/11
  2206 | D:3      | Reached XP level 6. HP: 19/32 MP: 2/12
  2749 | D:3      | Found a sparkling altar of Nemelex Xobeh.
  3026 | D:3      | Learned a level 3 spell: Stone Arrow
  3032 | D:3      | Learned a level 5 spell: Lee's Rapid Deconstruction
  3223 | D:4      | Reached XP level 7. HP: 13/36 MP: 9/14
  3417 | D:4      | Reached skill level 1 in Conjurations
  3417 | D:4      | Reached skill level 7 in Earth Magic
  3556 | D:4      | Reached skill level 5 in Spellcasting
  3667 | D:4      | Reached skill level 1 in Fighting
  4199 | D:5      | Entered Level 5 of the Dungeon
  4199 | D:5      | Noticed Ajdolov's ghost (amateur TeCj)
  4203 | D:5      | Reached XP level 8. HP: 43/43 MP: 13/16
  4722 | D:5      | Killed Ajdolov's ghost
  4722 | D:5      | Reached skill level 8 in Earth Magic
  5115 | D:5      | Found Widok's Distillery.
  5124 | D:5      | Bought a potion of degeneration for 12 gold pieces
  5300 | D:5      | Found a staircase to the Ecumenical Temple.
  5526 | Temple   | Entered the Ecumenical Temple
  5818 | D:6      | Noticed Nattefrost's ghost (novice MfSu)
  5897 | D:6      | Killed Nattefrost's ghost
  5897 | D:6      | Reached XP level 9. HP: 34/51 MP: 0/18
  6060 | D:6      | Reached skill level 5 in Conjurations
  6081 | D:6      | Reached skill level 9 in Earth Magic
  6232 | D:6      | Found a basalt altar of Yredelemnul.
  7036 | D:7      | Found an ornate altar of the Wu Jian Council.
  7036 | D:7      | Found a hazy altar of Hepliaklqana.
  7051 | D:7      | Found a burning altar of Makhleb.
  7054 | D:7      | Found a snail-covered altar of Cheibriados.
  7067 | D:7      | Reached XP level 10. HP: 54/58 MP: 1/21
  7174 | D:7      | Noticed Prince Ribbit
  7194 | D:7      | Killed Prince Ribbit
  7194 | D:7      | Reached skill level 10 in Earth Magic
  7566 | D:7      | Found a shadowy altar of Dithmenos.
  7752 | D:8      | Found a flagged portal.
  7805 | Bailey   | Entered a bailey
  8124 | Bailey   | Noticed an orc knight
  8201 | Bailey   | Killed an orc knight
  8304 | Bailey   | Reached skill level 5 in Fighting
  8487 | Bailey   | Found an iron altar of Okawaru.
  8822 | D:8      | Found a radiant altar of Vehumet.
  8921 | D:8      | Became a worshipper of Vehumet
  9040 | D:8      | You fall through a shaft for 2 floors!
  9040 | D:10     | Entered Level 10 of the Dungeon
  9535 | D:8      | Reached skill level 11 in Earth Magic
  9565 | D:9      | Found a staircase to the Orcish Mines.
  9583 | D:9      | Reached XP level 11. HP: 37/64 MP: 13/23
 10109 | D:9      | Noticed a red ugly thing
 10114 | D:9      | Noticed a two-headed ogre
 10130 | D:9      | Killed a red ugly thing
 10577 | D:10     | Reached * piety under Vehumet
 10577 | D:10     | Offered knowledge of Freeze by Vehumet.
 10872 | D:10     | Paralysed by an orc for 5 turns
 11176 | D:10     | Noticed a two-headed ogre
 11186 | D:10     | Killed a two-headed ogre
 11186 | D:10     | Reached skill level 5 in Dodging
 11327 | D:10     | Found a staircase to the Lair.
 11615 | Lair:1   | Entered Level 1 of the Lair of Beasts
 11616 | Lair:1   | Identified a scroll of acquirement
 11617 | Lair:1   | Got a transparent crystal amulet
 11618 | Lair:1   | Identified the amulet "Yreutuv" {rElec Regen+} (You acquired it on level 1 of the Lair of Beasts)
 12033 | Lair:1   | Reached skill level 12 in Earth Magic
 12039 | Lair:1   | Offered knowledge of Throw Flame by Vehumet.
 12157 | Lair:1   | Reached ** piety under Vehumet
 12266 | Lair:1   | Reached XP level 12. HP: 52/71 MP: 19/25
 12787 | Lair:2   | Found a staircase to the Swamp.
 12787 | Lair:2   | Noticed a five-headed hydra
 12805 | Lair:2   | Killed a five-headed hydra
 12836 | Lair:2   | Reached skill level 10 in Conjurations
 12885 | Lair:2   | Noticed a five-headed hydra
 12889 | Lair:2   | Killed a five-headed hydra
 13111 | Lair:2   | Reached skill level 10 in Spellcasting
 13406 | Lair:3   | Learned a level 4 spell: Petrify
 13554 | Lair:3   | Noticed a queen ant
 13574 | Lair:3   | Offered knowledge of Mephitic Cloud by Vehumet.
 13633 | Lair:3   | Killed a queen ant
 13694 | Lair:3   | Reached *** piety under Vehumet
 13735 | Lair:3   | Reached skill level 13 in Earth Magic
 13886 | Lair:3   | Offered knowledge of Olgreb's Toxic Radiance by Vehumet.
 13918 | Lair:3   | Noticed a six-headed hydra
 13933 | Lair:3   | Killed a six-headed hydra
 14105 | Lair:3   | Noticed a five-headed hydra
 14125 | Lair:3   | Killed a five-headed hydra
 14394 | Lair:3   | Reached XP level 13. HP: 78/78 MP: 14/27
 14905 | Lair:4   | Noticed Sonja
 14944 | Lair:4   | Killed Sonja
 15178 | Lair:4   | Reached **** piety under Vehumet
 15192 | Lair:4   | Offered knowledge of Iskenderun's Battlesphere by Vehumet.
 15578 | Swamp:1  | Entered Level 1 of the Swamp
 15854 | Lair:4   | Found a sacrificial altar of Ru.
 15988 | Lair:4   | Reached skill level 14 in Earth Magic
 16140 | Lair:4   | Found a hole to the Spider Nest.
 16744 | Lair:5   | Got a crude pewter ring
 16746 | Lair:5   | Identified the ring "Qiozimp" {rElec MR+} (You acquired it on level 5 of the Lair of Beasts)
 16955 | Lair:5   | Found a basalt altar of Yredelemnul.
 17207 | Lair:5   | Found a viscous altar of Jiyva.
 17207 | Lair:5   | Found a staircase to the Slime Pits.
 17522 | Lair:5   | Reached ***** piety under Vehumet
 17522 | Lair:5   | Offered knowledge of Ozocubu's Refrigeration by Vehumet.
 17654 | Lair:5   | HP: 3/79 [oklob plant/splash of acid (2)]
 17654 | Lair:5   | Splashed by an oklob plant's acid

Vault maps used:
D:1:      lightli_molten_gateway
D:2:      fedhas_altar_4, uniq_jessica
D:3:      nemelex_xobeh_ov_fountains_minmay, first_bread, minmay_lizard_king,
          uniq_sigmund
D:5:      temple_statues, serial_shops, shop, serial_co_window_serial,
          co_window_paths_b, co_window_corner_a, co_window_paths_b,
          co_window_paths_b, co_window_of_opportunity_a,
          co_window_of_opportunity_a, co_window_paths_a, co_window_corner_b,
          co_window_paths_c, co_window_2corner, glass_columns_a,
          glass_columns_a, hangedman_glass_teeth, hangedman_decor_push
D:6:      yredelemnul_altar_generic
D:7:      grunt_temple_overflow_cloverleaf, lemuel_doored_altar,
          uniq_prince_ribbit1
D:8:      kennysheep_mini_moat, enter_bailey_2
D:9:      minmay_distorted_concentric_squares, orc_0_dummy
D:10:     grunt_lair_entry_orc_guard_hut
Temple:   eino_temple_water
Lair:1:   roderic_batcave, beast_lair_carwin_9
Lair:2:   minmay_swamp_entry_reptiles, grunt_forest_small_clearings,
          grunt_megastairs_3
Lair:3:   zaba_anthell, serial_bayou_shore_b
Lair:4:   nicolae_spider_entry_tight_spaces, basic_altar, special_room,
          infiniplex_staircase_pool_2, uniq_sonja
Lair:5:   slime_altar_1, lemuel_centaur_altar, lemuel_fruit_tree,
          grunt_megastairs_1, minmay_lair_oklob_chamber
Swamp:1:  serial_swamp_ruin, evilmike_swamp_ruin_house_4,
          evilmike_swamp_ruin_rubble_1, evilmike_swamp_ruin_house_3, uniq_donald
Bailey:   bailey_axe_3, bailey

Skill      XL: |  1  2  3  4  5  6  7  8  9 10 11 12 13 |
---------------+----------------------------------------+-----
Earth Magic    | 4 6 7 8 9 11 12 13 14 | 14.3
Spellcasting   | 3 4 5 6 7 8 9 10 11 | 11.4
Conjurations   | 2 4 6 8 9 11 12 | 12.1
Fighting       | 1 3 4 5 6 7 8 |  8.5
Dodging        | 2 3 4 5 6 |  6.8
Stealth        | |  2.1
Transmutations | |  0.7

Action                   |  1- 3 |  4- 6 |  7- 9 | 10-12 | 13-15 || total
-------------------------+-------+-------+-------+-------+-------++-------
Melee: Unarmed           |     2 |       |       |       |       ||     2
       Club              |    48 |       |       |       |       ||    48
       Dagger            |    12 |   158 |   292 |   450 |   102 ||  1014
 Cast: Sandblast         |    14 |    23 |    54 |   161 |    92 ||   344
       Stone Arrow       |       |       |    58 |   173 |    89 ||   320
       Lee's Rapid Decon |       |       |       |     9 |     9 ||    18
       Petrify           |       |       |       |     7 |    14 ||    21
  Use: Scroll            |     2 |     7 |       |    12 |     6 ||    27
       Potion            |       |     2 |       |     1 |       ||     3
 Stab: Sleeping          |     2 |     3 |     6 |     4 |       ||    15
  Eat: Chunk             |     3 |     4 |    11 |    26 |     5 ||    49
       Royal jelly       |       |       |     2 |     1 |       ||     3
       Fruit             |       |       |       |     4 |     1 ||     5
       Meat ration       |       |       |       |       |     1 ||     1
Armor: Robe              |    21 |    51 |    85 |   182 |   123 ||   462
Dodge: Dodged            |    61 |   192 |   253 |   631 |   413 ||  1550

Table legend:
 A = Spawn XP
 B = Non-spawn XP
 C = Spawn XP percentage of total XP
 D = Spawn monster count
 E = Non-spawn monster count
 F = Spawn count percentage of total count
 G = Total turns spent on level
                    A         B        C        D         E        F      G
               +---------+---------+-------+---------+---------+-------+---------
         Total |       0 |   49509 |   0.0 |       0 |     456 |   0.0 | 17654
               +---------+---------+-------+---------+---------+-------+---------
           D:1 |       0 |      31 |   0.0 |       0 |      20 |   0.0 |  1282
           D:2 |       0 |      62 |   0.0 |       0 |       9 |   0.0 |   809
           D:3 |       0 |     489 |   0.0 |       0 |      42 |   0.0 |  1221
           D:4 |       0 |     615 |   0.0 |       0 |      17 |   0.0 |  1138
           D:5 |       0 |     896 |   0.0 |       0 |      27 |   0.0 |  1105
           D:6 |       0 |    1699 |   0.0 |       0 |      33 |   0.0 |   989
           D:7 |       0 |    1782 |   0.0 |       0 |      41 |   0.0 |   905
           D:8 |       0 |    1726 |   0.0 |       0 |      29 |   0.0 |   986
           D:9 |       0 |    2314 |   0.0 |       0 |      18 |   0.0 |  1183
          D:10 |       0 |    3770 |   0.0 |       0 |      36 |   0.0 |  1074
        Lair:1 |       0 |    4077 |   0.0 |       0 |      23 |   0.0 |  1023
        Lair:2 |       0 |    4024 |   0.0 |       0 |      13 |   0.0 |  1076
        Lair:3 |       0 |   10778 |   0.0 |       0 |      64 |   0.0 |  1595
        Lair:4 |       0 |   10491 |   0.0 |       0 |      50 |   0.0 |  1423
        Lair:5 |       0 |    4794 |   0.0 |       0 |      17 |   0.0 |   916
       Swamp:1 |       0 |     956 |   0.0 |       0 |       1 |   0.0 |     6
        Bailey |       0 |    1005 |   0.0 |       0 |      16 |   0.0 |   700
               +---------+---------+-------+---------+---------+-------+---------
